 Dungeon Crawl Stone Soup version 0.31-a0-344-gd109795 (webtiles) character file.

Game seed: 9701236245817903101

63 Cunctator the Ruffian (level 4, -2/51 HPs)
             Began as a Gnoll Shapeshifter on July 21, 2023.
             Slain by an orc warrior
             ... wielding a +0 flail
              (6 damage)
             ... on level 4 of the Dungeon.
             The game lasted 00:06:27 (1929 turns).

Cunctator the Ruffian (Gnoll Shapeshifter)          Turns: 1929, Time: 00:06:28

Health: -2/51      AC:  2    Str: 16    XL:     4   Next: 10%
Magic:  5/5        EV: 13    Int:  7    God:
Gold:   208        SH:  0    Dex: 13    Spells: 5/5 levels left

rFire   . .          .
                       - Unarmed
rCold   . . .        (no shield)
rNeg    . . .        a - +0 animal skin
rPois   .            (helmet currently unavailable)
rElec   .            (cloak currently unavailable)
rCorr   .            (gloves currently unavailable)
SInv    .            (boots currently unavailable)
Will    .....        (no amulet) Stlth
                     (no ring)
HPRegen 0.28/turn    (no ring)
MPRegen 0.09/turn

%: no passive effects
@: berserking, beast-form, very quick
A: beast (slay +4), fangs 1, strong nose, distributed training
a: Begin Untransformation


You were on level 4 of the Dungeon.
You were a hulking beast.
You visited 1 branch of the dungeon, and saw 4 of its levels.

You collected 208 gold pieces.

Inventory:

Hand Weapons
 e - a +3 dagger
 u - a +0 sling
Missiles
 f - 54 stones
 h - 3 javelins
 m - 2 atropa-tipped darts
Armour
 a - a +0 animal skin (worn)
 l - a +0 pair of gloves
 t - a +2 hat
 v - a +0 leather armour
Talismans
 c - a beast talisman
Scrolls
 d - a scroll of immolation {unknown}
 g - 5 scrolls of identify {unknown}
 j - a scroll of fog {unknown}
 k - 2 scrolls of enchant weapon {unknown}
 q - a scroll of brand weapon {unknown}
 s - a scroll of silence {unknown}
Potions
 b - a potion of lignification
 i - a potion of heal wounds {unknown}
 o - a potion of berserk rage
 p - a potion of mutation {unknown}
 r - 2 potions of invisibility {unknown}
 w - a potion of attraction {unknown}


   Skills:
 + Level 2.7 Fighting
 + Level 1.0 Short Blades
 + Level 1.0 Long Blades
 + Level 1.0 Axes
 + Level 1.0 Maces & Flails
 + Level 1.0 Polearms
 + Level 1.0 Staves
 + Level 1.0 Ranged Weapons
 + Level 1.0 Throwing
 + Level 1.0 Armour
 + Level 4.6 Dodging
 + Level 1.0 Stealth
 + Level 1.0 Shields
 + Level 6.6 Unarmed Combat
 + Level 1.0 Spellcasting
 + Level 0.8 Conjurations
 + Level 0.8 Hexes
 + Level 0.8 Summonings
 + Level 0.8 Necromancy
 + Level 0.8 Translocations
 + Level 0.8 Transmutations
 + Level 0.8 Fire Magic
 + Level 0.8 Ice Magic
 + Level 0.8 Air Magic
 + Level 0.8 Earth Magic
 + Level 0.8 Poison Magic
 + Level 1.1 Invocations
 + Level 1.0 Evocations
 + Level 6.5 Shapeshifting


You had 5 spell levels left.
You didn't know any spells.
Your spell library contained the following spells:

 Spells                   Type           Power      Damage    Failure   Level
 Summon Small Mammal      Summ           4%         N/A       30%         1
 Blink                    Tloc           2%         N/A       41%         2
 Call Imp                 Summ           2%         N/A       41%         2
 Lesser Beckoning         Tloc           2%         N/A       41%         2
 Momentum Strike          Conj/Tloc      2%         3d8       41%         2
 Call Canine Familiar     Summ           1%         N/A       65%         3
 Summon Guardian Golem    Hex/Summ       1%         N/A       65%         3
 Summon Ice Beast         Ice/Summ       1%         N/A       96%         4
 Ignition                 Fire           0%         3d3       100%        8


Dungeon Overview and Level Annotations

Branches:
Dungeon (4/15)
 Temple: D:4-7

Altars:
Cheibriados
Gozag
Nemelex Xobeh
Qazlal
Uskayaw

Shops:
D:1 [


Innate Abilities, Weirdness & Mutations

You are a hulking beast.
Your limbs bulge with bestial killing power. (Slay +4)
You have very sharp teeth.
Your uncanny sense of smell can sniff out nearby items.
Your experience applies equally to all skills.


Message History

You shoot a sling bullet.
The sling bullet hits the orc warrior but does no damage.
The orc warrior is moderately wounded.
An orc comes into view. It is wielding a +0 hand axe.
You shoot a sling bullet. The orc shouts!
The sling bullet hits the orc warrior.
The orc warrior is moderately wounded.
You shoot a sling bullet. The sling bullet hits the orc warrior.
The orc warrior is moderately wounded.
An orc comes into view. It is wielding a +0 dagger.
You don't know any spells.
You are now empty-handed.
The orc warrior hits you with a +0 flail!
Throw: 2 darts (poison)
Press: ? - help, Q - select action, (/) - cycle Shift-Dir - straight line, f/p - orc warrior
Aim: an orc warrior, wielding a +0 flail and wearing a +0 chain mail (moderately wounded, 57% to hit)
You throw a poisoned dart. The poisoned dart hits the orc warrior.
The orc warrior is moderately wounded.
The orc warrior hits you with a +0 flail!
Throw: dart (poison)
Press: ? - help, Q - select action, (/) - cycle Shift-Dir - straight line, f/p - orc warrior
Aim: an orc warrior, wielding a +0 flail and wearing a +0 chain mail (moderately wounded, 57% to hit)
You throw a poisoned dart. The poisoned dart hits the orc warrior.
The orc warrior is poisoned.
The orc warrior is moderately wounded.
The orc warrior hits you with a +0 flail!
* * * LOW HITPOINT WARNING * * *
An orc comes into view. It is wielding a +0 dagger.
You barely miss the orc warrior.
The orc warrior is heavily wounded.
The orc shouts!
The orc warrior misses you. The orc hits you with a +0 hand axe.
* * * LOW HITPOINT WARNING * * *
The orc closely misses you.
It was a potion of berserk rage.
A red film seems to cover your vision as you go berserk!
You feel yourself moving faster!
You feel mighty!
The orc warrior hits you with a +0 flail.
You die...

#. #.#######
####.##.#
.......>#
####....#
######.######
#...........#
#^...)......#
.............#
........ho...#
........oo...#
........!....#
.#......o.....#
#............#
######o...#..#
....#...#
.####...#


You could see an orc warrior (poisoned) and 4 orcs.

Vanquished Creatures
  A worm (D:2)
  A dart slug (D:2)
  An orc (D:4)
  3 endoplasms
  3 giant cockroaches
  4 hobgoblins
  3 jackals (D:1)
  4 quokkas
  9 ball pythons
  9 bats
  5 frilled lizards
  2 goblins
  7 kobolds
  4 rats
56 creatures vanquished.

Notes
Turn   | Place    | Note
-------+----------+-------------------------------------------
     0 | D:1      | Cunctator the Gnoll Shapeshifter began the quest for the
                  | Orb.
     0 | D:1      | Reached XP level 1. HP: 17/17 MP: 1/1
    33 | D:1      | Reached XP level 2. HP: 16/23 MP: 2/2
   246 | D:1      | Found Guydd's Armour Shop.
   454 | D:1      | Reached XP level 3. HP: 28/28 MP: 3/3
   746 | D:2      | Reached skill level 1 in Invocations
   778 | D:2      | Found a faded altar of an unknown god.
   879 | D:2      | Reached skill level 1 in Short Blades
   879 | D:2      | Reached skill level 1 in Long Blades
   879 | D:2      | Reached skill level 1 in Axes
   879 | D:2      | Reached skill level 1 in Maces & Flails
   879 | D:2      | Reached skill level 1 in Polearms
   879 | D:2      | Reached skill level 1 in Staves
   879 | D:2      | Reached skill level 1 in Ranged Weapons
   879 | D:2      | Reached skill level 1 in Throwing
   879 | D:2      | Reached skill level 1 in Armour
   879 | D:2      | Reached skill level 1 in Stealth
   879 | D:2      | Reached skill level 1 in Shields
   879 | D:2      | Reached skill level 1 in Spellcasting
   879 | D:2      | Reached skill level 1 in Evocations
  1116 | D:3      | Found an opulent altar of Gozag.
  1255 | D:3      | Got the Grimoire of Summoned Fire
  1276 | D:3      | Found a hide-covered altar of Uskayaw.
  1282 | D:3      | Found a snail-covered altar of Cheibriados.
  1581 | D:3      | Reached XP level 4. HP: 34/34 MP: 5/5
  1663 | D:3      | Found a sparkling altar of Nemelex Xobeh.
  1817 | D:3      | Found a stormy altar of Qazlal.
  1920 | D:4      | Noticed an orc warrior
  1929 | D:4      | Slain by an orc warrior

Illustrated notes

Levels and vault maps discovered:
D:1:      mushboom_english_gardens, layout_rooms, serial_shops,
          nicolae_diamond_shop
D:2:      layout_rooms, dreamdust_ecumenical_altar_grove
D:3:      layout_basic, mainiacjoe_overflow_alcove_2,
          nicolae_gozag_seed_capital, jmf_multi_god_temple,
          nemelex_xobeh_ov_fountains_minmay
D:4:      layout_basic, mainiacjoe_overflow_brackets, minmay_temple_entry_wispy,
          goddamned_bats, uniq_eustachio

Skill      XL: |  1  2  3 |
---------------+----------+-----
Invocations    | 1 |  1.1
Short Blades   | 1 |  1.0
Long Blades    | 1 |  1.0
Axes           | 1 |  1.0
Maces & Flails | 1 |  1.0
Polearms       | 1 |  1.0
Staves         | 1 |  1.0
Ranged Weapons | 1 |  1.0
Throwing       | 1 |  1.0
Armour         | 1 |  1.0
Stealth        | 1 |  1.0
Shields        | 1 |  1.0
Spellcasting   | 1 |  1.0
Evocations     | 1 |  1.0
Fighting       | |  2.7
Dodging        | |  4.6
Unarmed Combat | |  6.6
Conjurations   | |  0.8
Hexes          | |  0.8
Summonings     | |  0.8
Necromancy     | |  0.8
Translocations | |  0.8
Transmutations | |  0.8
Fire Magic     | |  0.8
Ice Magic      | |  0.8
Air Magic      | |  0.8
Earth Magic    | |  0.8
Poison Magic   | |  0.8
Shapeshifting  | |  6.5

Action                     |  1- 3 |  4- 6 || total
---------------------------+-------+-------++-------
  Melee: Unarmed           |    97 |     1 ||    98
         Bite              |     5 |       ||     5
         Punch             |     2 |       ||     2
   Fire: Sling             |     7 |    15 ||    22
  Throw: Dart              |       |     2 ||     2
    Use: Potion            |       |     1 ||     1
   Stab: Sleeping          |     1 |       ||     1
 Armour: Animal skin       |    21 |       ||    21
  Dodge: Dodged            |    73 |     2 ||    75

Table legend: (Time is in decaauts)
 A = Elapsed time spent in this place.
 B = Non-inter-level travel time spent in this place.
 C = Inter-level travel time spent in this place.
 D = Time resting spent in this place.
 E = Time spent auto-exploring this place.
 F = Levels seen in this place.
 G = Mean time per level.
                   A        B        C        D        E       F      G
               +--------+--------+--------+--------+--------+-----+--------+
         Total |   1923 |   1813 |    110 |      0 |   1406 |   4 |  480.8 |
       Dungeon |   1923 |   1813 |    110 |      0 |   1406 |   4 |  480.8 |
               +--------+--------+--------+--------+--------+-----+--------+

Top non-repeatable levels by time:
     D:3: 773 daAuts
     D:1: 586 daAuts
     D:2: 505 daAuts
     D:4: 58 daAuts
